TOP OF THE 1ST |
Memphis Blues batting - Pitching for Salem Silver Souls : RHP Joe Bailey
|
Pitching: RHP Joe Bailey
|
|
Batting: RHB Brandon Townsley
|
0-0: Foul Ball, location: 2F 0-1: Ball 1-1: Called Strike 1-2: Ball 2-2: Ground out 6-3 (Groundball, 6)
|
Batting: SHB Hang-ki Yue
|
0-0: Ball 1-0: Ball 2-0: Ball 3-0: Base on Balls
|
Batting: SHB Fernando Gutiérrez
|
0-0: Ball 1-0: Swinging Strike 1-1: Fly out, F8 (Line Drive, 8LM)
|
Batting: RHB Julian Lee
|
0-0: Ball 1-0: Ball Hang-ki Yue steals 2nd base 2-0: Foul Ball, location: 2F 2-1: Swinging Strike 2-2: Strikes out looking
|
Top of the 1st over - 0 runs, 0 hits, 0 errors, 1 left on base; Memphis 0 - Salem 0 |
BOTTOM OF THE 1ST |
Salem Silver Souls batting - Pitching for Memphis Blues : RHP Bill Long
|
Pitching: RHP Bill Long
|
|
Batting: LHB Cisco Gallegos
|
0-0: Ball 1-0: Called Strike 1-1: Ball 2-1: Ball 3-1: Called Strike 3-2: Foul Ball, location: 2F 3-2: Base on Balls
|
Batting: RHB Júlio Rodríguez
|
0-0: Fly out, F8 (Flyball, 8LD)
|
Batting: LHB Hamilton Hughes
|
0-0: Ball Cisco Gallegos steals 2nd base 1-0: Called Strike 1-1: Foul Ball, location: 2F 1-2: SINGLE (Flyball, 7LS) Cisco Gallegos to third Runner from 3rd tries for Home, SAFE, no throw
|
Batting: LHB Howard Holder
|
0-0: Ball 1-0: Called Strike 1-1: Reached on error, E1 (Groundball, P) Hamilton Hughes to second
|
Batting: RHB Chris Hall
|
0-0: Grounds into double play, 4-6-3 (Groundball, 4)
|
Bottom of the 1st over - 1 run, 1 hit, 1 error, 1 left on base; Memphis 0 - Salem 1 |
TOP OF THE 2ND |
Memphis Blues batting - Pitching for Salem Silver Souls : RHP Joe Bailey
|
Batting: RHB Ryan Nelson
|
0-0: Called Strike 0-1: Ball 1-1: Called Strike 1-2: Ball 2-2: Foul Ball, location: 2F 2-2: Ball 3-2: Foul Ball, location: 2F 3-2: TRIPLE (Line Drive, 78XD)
|
Batting: RHB Kirk Powell
|
0-0: Ball 1-0: Ball 2-0: Ball 3-0: Base on Balls
|
Batting: LHB Armando Domínguez
|
0-0: Fly out, F6 (Line Drive, 6)
|
Batting: SHB Ron Winston
|
0-0: Ball 1-0: Ball 2-0: Foul Ball, location: 2F 2-1: Foul Ball, location: 2F 2-2: Ball 3-2: Foul Ball, location: 2F 3-2: Foul Ball, location: 2F 3-2: DOUBLE (Line Drive, 9LM) Ryan Nelson scores Kirk Powell to third Runner from 3rd tries for Home, SAFE, throw made at trailing runner, OUT at third!
|
Batting: LHB Freddy Torres
|
0-0: Ground out 4-3 (Groundball, 4)
|
Top of the 2nd over - 2 runs, 2 hits, 0 errors, 0 left on base; Memphis 2 - Salem 1 |
BOTTOM OF THE 2ND |
Salem Silver Souls batting - Pitching for Memphis Blues : RHP Bill Long
|
Batting: LHB José Guillén
|
0-0: Ball 1-0: Fly out, F7 (Flyball, 7S)
|
Batting: RHB Jaime Rodríguez
|
0-0: Swinging Strike 0-1: Swinging Strike 0-2: Ball 1-2: Foul Ball, location: 2F 1-2: Ball 2-2: Foul Ball, location: 2F 2-2: Fly out, F6 (Popup, 6MS)
|
Batting: RHB Marshall Gross
|
0-0: Ball 1-0: Ball 2-0: Ball 3-0: Called Strike 3-1: Foul Ball, location: 2F 3-2: Base on Balls
|
Batting: RHB Pedro Rivera
|
0-0: Swinging Strike 0-1: Ball 1-1: Foul Ball, location: 2F 1-2: Strikes out swinging
|
Bottom of the 2nd over - 0 runs, 0 hits, 0 errors, 1 left on base; Memphis 2 - Salem 1 |
TOP OF THE 3RD |
Memphis Blues batting - Pitching for Salem Silver Souls : RHP Joe Bailey
|
Batting: RHB Brandon Townsley
|
0-0: Ball 1-0: Foul Ball, location: 2F 1-1: Ground out 5-3 (Groundball, 5)
|
Batting: SHB Hang-ki Yue
|
0-0: Ball 1-0: Called Strike 1-1: Ball 2-1: Swinging Strike 2-2: Foul Ball, location: 2F 2-2: Fly out, F9 (Flyball, 9S)
|
Batting: SHB Fernando Gutiérrez
|
0-0: Swinging Strike 0-1: Foul Ball, location: 2F 0-2: Ball 1-2: Fly out, F7 (Flyball, 7D)
|
Top of the 3rd over - 0 runs, 0 hits, 0 errors, 0 left on base; Memphis 2 - Salem 1 |
BOTTOM OF THE 3RD |
Salem Silver Souls batting - Pitching for Memphis Blues : RHP Bill Long
|
Batting: LHB Cisco Gallegos
|
0-0: Foul Ball, location: 2F 0-1: DOUBLE (Line Drive, 7LS)
|
Batting: RHB Júlio Rodríguez
|
0-0: Called Strike 0-1: Ball Wild Pitch! Cisco Gallegos to third 1-1: Ball 2-1: Ball 3-1: Swinging Strike 3-2: Ground out 2-3 (Groundball, 15S)
|
Batting: LHB Hamilton Hughes
|
0-0: Called Strike 0-1: Called Strike 0-2: Foul Ball, location: 2F 0-2: Ball 1-2: Ground out U3 (Groundball, 3)
|
Batting: LHB Howard Holder
|
0-0: Called Strike 0-1: Ball 1-1: Ball 2-1: Foul Ball, location: 2F 2-2: Strikes out swinging
|
Bottom of the 3rd over - 0 runs, 1 hit, 0 errors, 1 left on base; Memphis 2 - Salem 1 |
TOP OF THE 4TH |
Memphis Blues batting - Pitching for Salem Silver Souls : RHP Joe Bailey
|
Batting: RHB Julian Lee
|
0-0: Ball 1-0: Ball 2-0: SINGLE (Groundball, 5L) (infield hit)
|
Batting: RHB Ryan Nelson
|
0-0: Ball 1-0: Ball 2-0: Ball 3-0: Called Strike 3-1: Base on Balls Julian Lee to second
|
Batting: RHB Kirk Powell
|
0-0: Called Strike 0-1: Swinging Strike 0-2: Foul Ball, location: 2F 0-2: Ball 1-2: Strikes out swinging
|
Batting: LHB Armando Domínguez
|
0-0: Ball 1-0: Called Strike 1-1: SINGLE (Groundball, 34D) Julian Lee to third Ryan Nelson to second Runner from 3rd tries for Home, SAFE, no throw
|
Batting: SHB Ron Winston
|
0-0: Ball 1-0: SINGLE (Groundball, 3D) Ryan Nelson to third Armando Domínguez to second Runner from 3rd tries for Home, SAFE, throw made home
|
Batting: LHB Freddy Torres
|
0-0: Swinging Strike 0-1: Called Strike 0-2: Grounds into double play, 5-4-3 (Groundball, 5)
|
Top of the 4th over - 2 runs, 3 hits, 0 errors, 1 left on base; Memphis 4 - Salem 1 |
BOTTOM OF THE 4TH |
Salem Silver Souls batting - Pitching for Memphis Blues : RHP Bill Long
|
Batting: RHB Chris Hall
|
0-0: SINGLE (Groundball, 56D)
|
Batting: LHB José Guillén
|
0-0: Ball 1-0: Grounds into double play, 4-6-3 (Groundball, 4)
|
Batting: RHB Jaime Rodríguez
|
0-0: Ball 1-0: Called Strike 1-1: Foul Ball, location: 2F 1-2: DOUBLE (Line Drive, 78D)
|
Batting: RHB Marshall Gross
|
0-0: Foul Ball, location: 2F 0-1: Called Strike 0-2: Foul Ball, location: 2F 0-2: Ball 1-2: Ball 2-2: Fly out, F9 (Flyball, 9S)
|
Bottom of the 4th over - 0 runs, 2 hits, 0 errors, 1 left on base; Memphis 4 - Salem 1 |
TOP OF THE 5TH |
Memphis Blues batting - Pitching for Salem Silver Souls : LHP Reynaldo Vázquez
|
Pitching: LHP Reynaldo Vázquez
|
|
Batting: RHB Brandon Townsley
|
0-0: Called Strike 0-1: Called Strike 0-2: Foul Ball, location: 2F 0-2: Ball 1-2: Ball 2-2: Ground out 4-3 (Groundball, 34D)
|
Batting: SHB Hang-ki Yue
|
0-0: Ball 1-0: Called Strike 1-1: Reached on error, E6 (Groundball, 56)
|
Batting: SHB Fernando Gutiérrez
|
0-0: Called Strike Hang-ki Yue steals 2nd base 0-1: Ball 1-1: Ground out 5-3 (Groundball, 56)
|
Batting: RHB Julian Lee
|
0-0: Ball 1-0: Called Strike 1-1: SINGLE (Groundball, 56D) Hang-ki Yue to third Runner from 3rd tries for Home, throw and OUT!
|
Top of the 5th over - 0 runs, 1 hit, 1 error, 1 left on base; Memphis 4 - Salem 1 |
BOTTOM OF THE 5TH |
Salem Silver Souls batting - Pitching for Memphis Blues : RHP Bill Long
|
Batting: RHB Pedro Rivera
|
0-0: Called Strike 0-1: Ball 1-1: Foul Ball, location: 2F 1-2: Foul Ball, location: 2F 1-2: Foul Ball, location: 2F 1-2: Ball 2-2: Ball 3-2: Strikes out looking
|
Batting: LHB Cisco Gallegos
|
0-0: Ball 1-0: Ball 2-0: Called Strike 2-1: Ground out 6-3 (Groundball, 4M)
|
Batting: RHB Júlio Rodríguez
|
0-0: Called Strike 0-1: Hit by Pitch
|
Batting: LHB Hamilton Hughes
|
0-0: Called Strike 0-1: Ball 1-1: Ball 2-1: Ball 3-1: Fly out, F7 (Flyball, 7)
|
Bottom of the 5th over - 0 runs, 0 hits, 0 errors, 1 left on base; Memphis 4 - Salem 1 |
TOP OF THE 6TH |
Memphis Blues batting - Pitching for Salem Silver Souls : LHP Reynaldo Vázquez
|
Batting: RHB Ryan Nelson
|
0-0: Ball 1-0: SINGLE (Groundball, 56D)
|
Batting: RHB Kirk Powell
|
0-0: Called Strike 0-1: Ball 1-1: Fly out, F4 (Popup, 34D)
|
Batting: LHB Armando Domínguez
|
0-0: Foul Ball, location: 2F 0-1: Fly out, F8 (Flyball, 8LM)
|
Batting: SHB Ron Winston
|
0-0: Ball 1-0: Swinging Strike 1-1: Foul Ball, location: 2F 1-2: Foul Ball, location: 2F 1-2: Ball 2-2: Ground out 5-3 (Groundball, 56S)
|
Top of the 6th over - 0 runs, 1 hit, 0 errors, 1 left on base; Memphis 4 - Salem 1 |
BOTTOM OF THE 6TH |
Salem Silver Souls batting - Pitching for Memphis Blues : RHP Bill Long
|
Batting: LHB Howard Holder
|
0-0: Ball 1-0: SOLO HOME RUN (Flyball, 8RXD), Distance : 419 ft
|
Batting: RHB Chris Hall
|
0-0: Called Strike 0-1: Ball 1-1: SINGLE (Line Drive, 7S)
|
Batting: LHB José Guillén
|
0-0: Grounds into double play, 5-4-3 (Groundball, 56)
|
Batting: RHB Jaime Rodríguez
|
0-0: Fly out, F7 (Flyball, 7S)
|
Bottom of the 6th over - 1 run, 2 hits, 0 errors, 0 left on base; Memphis 4 - Salem 2 |
TOP OF THE 7TH |
Memphis Blues batting - Pitching for Salem Silver Souls : LHP Reynaldo Vázquez
|
Batting: LHB Freddy Torres
|
0-0: Ground out 4-3 (Groundball, 4M)
|
Batting: RHB Brandon Townsley
|
0-0: Called Strike 0-1: Ball 1-1: Foul Ball, location: 2F 1-2: Foul Ball, location: 2F 1-2: Ball 2-2: Strikes out looking
|
Batting: SHB Hang-ki Yue
|
0-0: Ball 1-0: Ball 2-0: Ground out 6-3 (Groundball, 6)
|
Top of the 7th over - 0 runs, 0 hits, 0 errors, 0 left on base; Memphis 4 - Salem 2 |
BOTTOM OF THE 7TH |
Salem Silver Souls batting - Pitching for Memphis Blues : RHP Bill Long
|
Batting: RHB Marshall Gross
|
0-0: SINGLE (Line Drive, 6M)
|
Pitching: RHP Luis Pistoni
|
|
Batting: RHB Pedro Rivera
|
0-0: Called Strike 0-1: Ball 1-1: 2-RUN HOME RUN (Flyball, 7LD), Distance : 368 ft
|
Batting: LHB Cisco Gallegos
|
0-0: Ball 1-0: Ball 2-0: Ball 3-0: Called Strike 3-1: Fly out, F4 (Line Drive, 4)
|
Batting: RHB Júlio Rodríguez
|
0-0: Ball 1-0: Ball 2-0: Ball 3-0: Base on Balls
|
Batting: LHB Hamilton Hughes
|
0-0: Called Strike 0-1: Ball 1-1: Ball 2-1: Ball 3-1: Grounds into double play, 5-4-3 (Groundball, 56)
|
Bottom of the 7th over - 2 runs, 2 hits, 0 errors, 0 left on base; Memphis 4 - Salem 4 |
TOP OF THE 8TH |
Memphis Blues batting - Pitching for Salem Silver Souls : LHP Reynaldo Vázquez
|
Batting: SHB Fernando Gutiérrez
|
0-0: Foul Ball, location: 2F 0-1: Ball 1-1: Foul Ball, location: 2F 1-2: Ball 2-2: Ball 3-2: Ground out 5-3 (Groundball, 56)
|
Batting: RHB Julian Lee
|
0-0: Ball 1-0: SINGLE (Line Drive, 7LS)
|
Batting: RHB Ryan Nelson
|
0-0: Ball 1-0: Ball 2-0: Foul Ball, location: 2F 2-1: Called Strike Julian Lee steals 2nd base 2-2: Foul Ball, location: 2F 2-2: Ground out 5-3 (Groundball, 56S) Julian Lee to third
|
Batting: RHB Kirk Powell
|
0-0: Ball 1-0: Called Strike 1-1: Ball 2-1: Ball 3-1: Swinging Strike 3-2: Foul Ball, location: 2F 3-2: Base on Balls
|
Pinch Hitting: RHB Wilson Flores
|
0-0: Ground out 6-3 (Groundball, 6S)
|
Top of the 8th over - 0 runs, 1 hit, 0 errors, 2 left on base; Memphis 4 - Salem 4 |
BOTTOM OF THE 8TH |
Salem Silver Souls batting - Pitching for Memphis Blues : RHP Luis Pistoni
|
Now at 2B: José Velásquez
|
|
Batting: LHB Howard Holder
|
0-0: Called Strike 0-1: Ball 1-1: Ball 2-1: Foul Ball, location: 2F 2-2: Ball 3-2: Ground out 6-3 (Groundball, 6)
|
Pinch Hitting: LHB Luis Aragón
|
0-0: Called Strike 0-1: Ball 1-1: Called Strike 1-2: Fly out, F5 (Popup, 5SF)
|
Batting: LHB José Guillén
|
0-0: Ball 1-0: Called Strike 1-1: Foul Ball, location: 2F 1-2: Strikes out swinging
|
Bottom of the 8th over - 0 runs, 0 hits, 0 errors, 0 left on base; Memphis 4 - Salem 4 |
TOP OF THE 9TH |
Memphis Blues batting - Pitching for Salem Silver Souls : LHP Reynaldo Vázquez
|
Pitching: RHP Bartolo Rivera
|
|
Now at 3B: Alberto Sandoval
|
|
Batting: SHB Ron Winston
|
0-0: Ball 1-0: Ball 2-0: Ball 3-0: Called Strike 3-1: Ground out 4-3 (Groundball, 4M)
|
Batting: LHB Freddy Torres
|
0-0: Foul Ball, location: 2F 0-1: Ball 1-1: Called Strike 1-2: Ball 2-2: Ball 3-2: Strikes out swinging
|
Batting: RHB Brandon Townsley
|
0-0: Called Strike 0-1: Foul Ball, location: 2F 0-2: Ball 1-2: Strikes out looking
|
Top of the 9th over - 0 runs, 0 hits, 0 errors, 0 left on base; Memphis 4 - Salem 4 |
BOTTOM OF THE 9TH |
Salem Silver Souls batting - Pitching for Memphis Blues : RHP Luis Pistoni
|
Batting: RHB Jaime Rodríguez
|
0-0: Ball 1-0: Called Strike 1-1: Foul Ball, location: 2F 1-2: Ball 2-2: Foul Ball, location: 2F 2-2: Fly out, F5 (Popup, 5SF)
|
Batting: RHB Marshall Gross
|
0-0: Swinging Strike 0-1: Foul Ball, location: 2F 0-2: Ball 1-2: Foul Ball, location: 2F 1-2: Ground out 4-3 (Groundball, 4M)
|
Pinch Hitting: SHB Jesús Sosa
|
0-0: Called Strike 0-1: Ground out 4-3 (Groundball, 4D)
|
Bottom of the 9th over - 0 runs, 0 hits, 0 errors, 0 left on base; Memphis 4 - Salem 4 |
TOP OF THE 10TH |
Memphis Blues batting - Pitching for Salem Silver Souls : RHP Bartolo Rivera
|
Now in CF: Jesús Sosa
|
|
Batting: SHB Hang-ki Yue
|
0-0: Fly out, F7 (Flyball, 7)
|
Batting: SHB Fernando Gutiérrez
|
0-0: Fly out, F8 (Flyball, 8LD)
|
Batting: RHB Julian Lee
|
0-0: Foul Ball, location: 2F 0-1: Ball 1-1: Ball 2-1: Ball 3-1: Fly out, F5 (Line Drive, 56S)
|
Top of the 10th over - 0 runs, 0 hits, 0 errors, 0 left on base; Memphis 4 - Salem 4 |
BOTTOM OF THE 10TH |
Salem Silver Souls batting - Pitching for Memphis Blues : RHP Luis Pistoni
|
Pitching: LHP Peter Turner
|
|
Pinch Hitting: RHB José Dávila
|
0-0: SINGLE (Line Drive, 8LS)
|
Batting: RHB Júlio Rodríguez
|
0-0: Ball 1-0: SINGLE (Line Drive, 6D) José Dávila to second
|
Pinch Hitting: RHB Gilberto León
|
0-0: Called Strike 0-1: Ball 1-1: Fly out, F7 (Flyball, 7LS)
|
Batting: LHB Howard Holder
|
0-0: Swinging Strike 0-1: Ball 1-1: Ball 2-1: Called Strike 2-2: Ball 3-2: Strikes out looking
|
Pinch Hitting: RHB Michael Fisher
|
0-0: Ball 1-0: SINGLE (Groundball, 6MD) José Dávila to third Júlio Rodríguez to second Runner from 3rd tries for Home, SAFE, throw made home
|
Saturday, April 7th, 2018 - OOTP Baseball 18.8 Build 76
|
|